 Dungeon Crawl Stone Soup version 0.21.1-1-g345015f (webtiles) character file.

64 Labyrinth the Stinger (level 4, -1/45 HPs)
             Began as a Merfolk Venom Mage on July 21, 2018.
             Hit by a goblin thrown by Robin (2 damage)
             ... on level 2 of the Dungeon.
             The game lasted 00:12:16 (1592 turns).

Labyrinth the Stinger (Merfolk Venom Mage)          Turns: 1592, Time: 00:12:17

Health: -1/45      AC:  2    Str: 13    XL:     4   Next: 12%
Magic:  1/7        EV: 13    Int: 14    God:
Gold:   44         SH:  0    Dex: 15    Spells: 1/7 levels left

rFire    . . .     SeeInvis .   h - +0 club
rCold    . . .     Gourm    .   (no shield)
rNeg     . . .     Faith    .   a - +0 robe
rPois    .         Spirit   .   (no helmet)
rElec    .         Reflect  .   (no cloak)
rCorr    .         Harm     .   (no gloves)
MR       .....                  (no boots)
Stlth    ..........             (no amulet)
HPRegen  0.15/turn              (no ring)
MPRegen  0.10/turn              (no ring)

@: berserking, very slightly contaminated, very quick
A: change form in water, swift swim, stealthy swim
a: no special abilities


You were on level 2 of the Dungeon.
You were hungry.

You visited 1 branch of the dungeon, and saw 2 of its levels.

You collected 44 gold pieces.

Inventory:

Hand Weapons
 h - a +0 club (weapon)
 q - a +0 vampiric dagger
 s - a +0 war axe
Missiles
 d - 6 javelins
 j - 33 stones (quivered)
 m - 6 tomahawks
 t - 28 arrows
Armour
 a - a +0 robe (worn)
 o - a +0 chain mail
Scrolls
 l - a scroll of random uselessness {unknown}
 n - a scroll of fog {unknown}
 r - a scroll of remove curse {unknown}
Potions
 f - a potion of flight {unknown}
 i - a potion of lignification {unknown}
Books
 b - a Young Poisoner's Handbook

   Spells                             Type                      Level
   a - Sting                          Conjuration/Poison           1
   b - Poisonous Vapours              Poison/Air                   2
   c - Mephitic Cloud                 Conjuration/Poison/Air       3
   d - Olgreb's Toxic Radiance        Poison                       4
   e - Venom Bolt                     Conjuration/Poison           5
Comestibles
 c - 5 rations
 p - 3 chunks of flesh


   Skills:
 + Level 0.1 Fighting
 + Level 1.0 Maces & Flails
 + Level 3.0 Dodging
 + Level 2.3 Stealth
 + Level 0.5 Unarmed Combat
 + Level 2.4 Spellcasting
 + Level 1.1 Conjurations
 + Level 4.1 Poison Magic


You had one spell level left.
You knew the following spells:

 Your Spells              Type           Power        Failure   Level  Hunger
a - Sting                 Conj/Pois      #...         8%          1    #......
b - Poisonous Vapours     Pois/Air       #.....       14%         2    ###....
c - Mephitic Cloud        Conj/Pois/Air  #.......     32%         3    ###....


Dungeon Overview and Level Annotations

Branches:
Dungeon (2/15)

Altars:

Annotations:
D:2 Robin


Message History

* * * LOW HITPOINT WARNING * * *
Robin roars a battlecry!
The hobgoblin goes into a battle-frenzy!
The goblin barely misses you.
You hit the goblin.
The goblin is severely wounded.
The bat misses you. The goblin barely misses you.
You sock the goblin!
You kill the goblin!
The bat barely misses you. The bat hits you.
* * * LOW HITPOINT WARNING * * *
Robin throws the goblin at you!
* * * LOW HITPOINT WARNING * * *
The goblin closely misses you.
You sock the goblin!
You kill the goblin!
Your Dodging skill increases to level 3!
The bat closely misses you. The bat hits you but does no damage.
Robin throws the goblin at you!
You die...

*******,,,*,* *#..,,,** ***,*,*
#.#**,## *** **.*,**** *****#.#
*... **,** *,..,,,,*
*,,,,..###..# **,,,***,...,,,*
*,***#......#
*,,,,,**,....,,******,* #....#.#
,,,,,,,*,.....,,,,,,,,*###....#.#
,,,,,,,,,.(.ggg#####**##.>.......
,,,,,,,,,...g.gb@g.# ##..........
*,,,,,*,,....gg###.###..........#
**,,,**,*#####** #...>[.......###
**,***,* #####........# *,* *,*
##......## *,***,***********
#......#
*,,,,,,,,,,,,,,,**###.#.#..#
*****,*********,,,(........#
*******,* ****###.#.#)#####


You could see Robin, 3 hobgoblins, 4 goblins and a bat.

Vanquished Creatures
  An ooze (D:1)
  3 worms (D:2)
  2 dart slugs (D:1)
  2 leopard geckos
  5 bats
  2 giant cockroaches (D:2)
  5 goblins
  7 hobgoblins
  3 jackals (D:1)
  4 kobolds
  3 quokkas (D:2)
  A frilled lizard (D:1)
  5 rats
43 creatures vanquished.

Notes
Turn   | Place    | Note
-------+----------+-------------------------------------------
     0 | D:1      | Labyrinth the Merfolk Venom Mage began the quest for the Orb.
     0 | D:1      | Reached XP level 1. HP: 13/13 MP: 3/3
   307 | D:1      | Reached XP level 2. HP: 16/19 MP: 5/5
   314 | D:1      | Learned a level 2 spell: Poisonous Vapours
   654 | D:1      | Reached skill level 4 in Poison Magic
   654 | D:1      | Reached XP level 3. HP: 18/24 MP: 4/6
   659 | D:1      | Learned a level 3 spell: Mephitic Cloud
  1062 | D:2      | Reached skill level 1 in Conjurations
  1484 | D:2      | Reached skill level 1 in Maces & Flails
  1553 | D:2      | Reached XP level 4. HP: 15/30 MP: 3/7
  1580 | D:2      | Noticed Robin
  1591 | D:2      | HP: 1/45 [Robin/goblin (2)]
  1592 | D:2      | Hit by a goblin thrown by Robin

Skill      XL: |  1  2  3  4 |
---------------+-------------+-----
Poison Magic   | 4 |  4.1
Conjurations   | 1 |  1.1
Maces & Flails | 1 |  1.0
Dodging        | 3 |  3.0
Fighting       | |  0.1
Stealth        | |  2.3
Unarmed Combat | |  0.5
Spellcasting   | |  2.4

Action                   |  1- 3 |  4- 6 || total
-------------------------+-------+-------++-------
Melee: Unarmed           |     9 |       ||     9
       Club              |   112 |    26 ||   138
Throw: Stone             |     1 |       ||     1
 Cast: Sting             |    39 |     3 ||    42
       Poisonous Vapours |     4 |       ||     4
  Use: Potion            |     2 |     2 ||     4
       Scroll            |       |     1 ||     1
  Eat: Chunk             |     3 |       ||     3
Armor: Robe              |    24 |     5 ||    29
Dodge: Dodged            |   111 |    24 ||   135
